 Dungeon Crawl Stone Soup version 0.22-a0-304-gc4e68a00b7 (webtiles) character file.

166 FollowTheCloud the Shield-Bearer (level 5, -1/47 HPs)
             Began as a Gnoll Fighter on Mar 28, 2018.
             Killed from afar by Ijyb (3 damage)
             ... with a wand of acid (3)
             ... on level 4 of the Dungeon.
             The game lasted 00:04:23 (2526 turns).

FollowTheCloud the Shield-Bearer (Gnoll Fighter)    Turns: 2526, Time: 00:04:23

Health: -1/47      AC:  5    Str: 19    XL:     5   Next: 47%
Magic:  7/7        EV:  8    Int: 11    God:
Gold:   265        SH: 10    Dex: 14    Spells: 6/6 levels left

rFire    . . .     SeeInvis .   a - +0 long sword
rCold    . . .     Gourm    .   c - +0 shield
rNeg     . . .     Faith    .   b - +0 scale mail
rPois    .         Spirit   .   k - +0 helmet
rElec    .         Reflect  .   (no cloak)
rCorr    .         Harm     .   (no gloves)
MR       .....                  (no boots)
Stlth    ..........             (no amulet)
HPRegen  0.15/turn              (no ring)
MPRegen  0.10/turn              (no ring)

@: corroded
A: distributed training, fangs 1, strong nose
a: no special abilities


You were on level 4 of the Dungeon.
You were not hungry.

You visited 1 branch of the dungeon, and saw 4 of its levels.

You collected 265 gold pieces.

Inventory:

Hand Weapons
 a - a +0 long sword (weapon)
 u - a +0 hand crossbow
Missiles
 v - 39 bolts
 x - 4 tomahawks (quivered)
Armour
 b - a +0 scale mail (worn)
 c - a +0 shield (worn)
 k - a +0 helmet (worn)
Jewellery
 j - an uncursed amulet of harm {unknown}
 s - an uncursed ring of protection from magic {unknown}
Scrolls
 e - 4 scrolls of enchant weapon {unknown}
 g - 5 scrolls of magic mapping {unknown}
 i - a scroll of remove curse {unknown}
 m - a scroll of random uselessness {unknown}
 n - a scroll of identify {unknown}
 o - 4 scrolls of teleportation {unknown}
 q - 4 scrolls of amnesia {unknown}
 t - a scroll of enchant armour {unknown}
Potions
 d - 3 potions of might
 h - a potion of flight {unknown}
 l - 2 potions of heal wounds {unknown}
 p - a potion of haste
 r - a potion of resistance {unknown}
 z - a potion of mutation {unknown}
Comestibles
 f - 10 rations
 w - 3 chunks of flesh


   Skills:
 + Level 6.7 Fighting
 + Level 1.4 Short Blades
 + Level 4.8 Long Blades
 + Level 1.4 Axes
 + Level 1.4 Maces & Flails
 + Level 1.4 Polearms
 + Level 1.4 Staves
 + Level 1.4 Slings
 + Level 1.4 Bows
 + Level 1.4 Crossbows
 + Level 1.4 Throwing
 + Level 6.7 Armour
 + Level 1.4 Dodging
 + Level 1.4 Stealth
 + Level 6.7 Shields
 + Level 1.4 Unarmed Combat
 + Level 1.4 Spellcasting
 + Level 1.1 Conjurations
 + Level 1.1 Hexes
 + Level 1.1 Charms
 + Level 1.1 Summonings
 + Level 1.1 Necromancy
 + Level 1.1 Translocations
 + Level 1.1 Transmutations
 + Level 1.1 Fire Magic
 + Level 1.1 Ice Magic
 + Level 1.1 Air Magic
 + Level 1.1 Earth Magic
 + Level 1.1 Poison Magic
 + Level 1.6 Invocations
 + Level 1.4 Evocations


You had 6 spell levels left.
You didn't know any spells.

Dungeon Overview and Level Annotations

Branches:
Dungeon (4/15)
 Temple: D:4-7

Altars:
Gozag

Annotations:
D:2 Sigmund
D:4 Ijyb


Innate Abilities, Weirdness & Mutations

Your experience applies equally to all skills.
You have very sharp teeth.
Your uncanny sense of smell can sniff out nearby items.


Message History

The acid burns!
It is a wand of acid (4).
Ijyb hits you but does no damage.
Your shield and scale mail prevent you from hitting Ijyb.
Ijyb is lightly wounded.
You block Ijyb's attack.
You barely miss Ijyb.
Ijyb is lightly wounded.
Ijyb zaps a wand.
The bolt of acid hits you! The acid corrodes you!
You are splashed with acid!
The acid burns!
* * * LOW HITPOINT WARNING * * *
You hit Ijyb.
Ijyb is moderately wounded.
Ijyb hits you but does no damage. x2
You hit Ijyb. Your bite misses Ijyb.
Ijyb is heavily wounded.
Ijyb hits you with a dagger.
* * * LOW HITPOINT WARNING * * *
You barely miss Ijyb.
Ijyb is heavily wounded.
Ijyb zaps a wand.
The bolt of acid hits you!
You die...

......# ......#####
####..... ..........#
#....>... ......###.#
#....... .....(# #.#
#.....# ......# #.#
#.....#
......###.######.....#
####..........##g....#
#.####.###.##@....#
#.# #.# #.##.....# #.#
#.# #........# #.# #.#
####.##### ..# #.# #.#
... ... #.# ... ...
..# ... ∆ ..#


You could see Ijyb.

Vanquished Creatures
  Jessica (D:3)
  Terence (D:2)
  3 adders
  An ooze (D:1)
  3 worms
  A dart slug (D:2)
  2 leopard geckos (D:1)
  3 orcs (D:3)
  6 bats
  2 giant cockroaches
  11 goblins
  7 hobgoblins
  5 jackals
  A quokka (D:2)
  A ball python (D:2)
  4 frilled lizards
  7 kobolds
  A leopard gecko skeleton (D:4)
  6 rats
66 creatures vanquished.

Notes
Turn   | Place    | Note
-------+----------+-------------------------------------------
     0 | D:1      | FollowTheCloud the Gnoll Fighter began the quest for the Orb.
     0 | D:1      | Reached XP level 1. HP: 23/23 MP: 1/1
    38 | D:1      | Reached XP level 2. HP: 23/29 MP: 2/2
   573 | D:1      | Reached XP level 3. HP: 35/35 MP: 3/3
   700 | D:2      | Noticed Terence
   710 | D:2      | Killed Terence
   710 | D:2      | Reached skill level 1 in Short Blades
   710 | D:2      | Reached skill level 1 in Axes
   710 | D:2      | Reached skill level 1 in Maces & Flails
   710 | D:2      | Reached skill level 1 in Polearms
   710 | D:2      | Reached skill level 1 in Staves
   710 | D:2      | Reached skill level 1 in Slings
   710 | D:2      | Reached skill level 1 in Bows
   710 | D:2      | Reached skill level 1 in Crossbows
   710 | D:2      | Reached skill level 1 in Throwing
   710 | D:2      | Reached skill level 1 in Dodging
   710 | D:2      | Reached skill level 1 in Stealth
   710 | D:2      | Reached skill level 1 in Unarmed Combat
   710 | D:2      | Reached skill level 1 in Spellcasting
   710 | D:2      | Reached skill level 1 in Invocations
   710 | D:2      | Reached skill level 1 in Evocations
   710 | D:2      | Reached XP level 4. HP: 40/41 MP: 3/5
  1072 | D:2      | Noticed Sigmund
  1192 | D:3      | Noticed Jessica
  1204 | D:3      | Killed Jessica
  1204 | D:3      | Reached skill level 1 in Conjurations
  1204 | D:3      | Reached skill level 1 in Hexes
  1204 | D:3      | Reached skill level 1 in Charms
  1204 | D:3      | Reached skill level 1 in Summonings
  1204 | D:3      | Reached skill level 1 in Necromancy
  1204 | D:3      | Reached skill level 1 in Translocations
  1204 | D:3      | Reached skill level 1 in Transmutations
  1204 | D:3      | Reached skill level 1 in Fire Magic
  1204 | D:3      | Reached skill level 1 in Ice Magic
  1204 | D:3      | Reached skill level 1 in Air Magic
  1204 | D:3      | Reached skill level 1 in Earth Magic
  1204 | D:3      | Reached skill level 1 in Poison Magic
  1204 | D:3      | Reached XP level 5. HP: 35/47 MP: 6/6
  1416 | D:3      | Found an opulent altar of Gozag.
  2517 | D:4      | Noticed Ijyb
  2525 | D:4      | HP: 1/47 [Ijyb/dagger (3)]
  2526 | D:4      | Killed from afar by Ijyb

Vault maps used:
D:1:      saegor_arrival_simple_c, minivault_25
D:2:      uniq_terence, uniq_sigmund
D:3:      nicolae_gozag_seed_capital, first_ration, uniq_jessica
D:4:      kennysheep_mini, uniq_ijyb

Skill      XL: |  1  2  3  4 |
---------------+-------------+-----
Short Blades   | 1 |  1.4
Axes           | 1 |  1.4
Maces & Flails | 1 |  1.4
Polearms       | 1 |  1.4
Staves         | 1 |  1.4
Slings         | 1 |  1.4
Bows           | 1 |  1.4
Crossbows      | 1 |  1.4
Throwing       | 1 |  1.4
Dodging        | 1 |  1.4
Stealth        | 1 |  1.4
Unarmed Combat | 1 |  1.4
Spellcasting   | 1 |  1.4
Invocations    | 1 |  1.6
Evocations     | 1 |  1.4
Conjurations   | 1 |  1.1
Hexes          | 1 |  1.1
Charms         | 1 |  1.1
Summonings     | 1 |  1.1
Necromancy     | 1 |  1.1
Translocations | 1 |  1.1
Transmutations | 1 |  1.1
Fire Magic     | 1 |  1.1
Ice Magic      | 1 |  1.1
Air Magic      | 1 |  1.1
Earth Magic    | 1 |  1.1
Poison Magic   | 1 |  1.1
Fighting       | |  6.7
Long Blades    | |  4.8
Armour         | |  6.7
Shields        | |  6.7

Action                   |  1- 3 |  4- 6 || total
-------------------------+-------+-------++-------
Melee: Long sword        |    77 |   105 ||   182
       Bite              |    10 |     4 ||    14
  Eat: Chunk             |       |     5 ||     5
Armor: Scale mail        |    26 |    31 ||    57
Dodge: Dodged            |    25 |    27 ||    52
Block: Shield            |    47 |    50 ||    97
       Rpst.: Long sword |    11 |    10 ||    21

Table legend:
 A = Spawn XP
 B = Non-spawn XP
 C = Spawn XP percentage of total XP
 D = Spawn monster count
 E = Non-spawn monster count
 F = Spawn count percentage of total count
 G = Total turns spent on level
                    A         B        C        D         E        F      G
               +---------+---------+-------+---------+---------+-------+---------
         Total |       0 |     238 |   0.0 |       0 |      66 |   0.0 |  2526
               +---------+---------+-------+---------+---------+-------+---------
           D:1 |       0 |      41 |   0.0 |       0 |      21 |   0.0 |   632
           D:2 |       0 |      88 |   0.0 |       0 |      23 |   0.0 |   454
           D:3 |       0 |     108 |   0.0 |       0 |      21 |   0.0 |  1396
           D:4 |       0 |       1 |   0.0 |       0 |       1 |   0.0 |    44
               +---------+---------+-------+---------+---------+-------+---------
